 Dungeon Crawl Stone Soup version 0.31-a0-1317-gdfb52cbc09 (webtiles) character file.

Game seed: 21757678861762665

1859385 Flugkiller the Conqueror (level 27, 377/377 HPs)
             Began as an Ogre Alchemist on Dec 20, 2023.
             Was a High Priest of Hepliaklqana.
             Escaped with the Orb
             ... and 3 runes on Dec 21, 2023!
             The game lasted 01:38:11 (58366 turns).

Flugkiller the Conqueror (Ogre Alchemist)          Turns: 58366, Time: 01:38:11

Health: 377/377    AC: 38    Str: 30    XL:     27
Magic:  30/30      EV: 20    Int: 21    God:    Hepliaklqana [*****.]
Gold:   7292       SH:  0    Dex: 13    Spells: 14/40 levels left

rFire   + . .        E - +3 giant club "Skullcrusher" {speed, Str+7}
rCold   + . .        (shield currently unavailable)
rNeg    + . .        K - melded +0 acid dragon scales
rPois   ∞            G - +0 mask of the Dragon {Will+ Slay+3 SInv}
rElec   +            y - scarf {rC+ rF+}
rCorr   .            (gloves unavailable)
SInv    +            (boots unavailable)
Will    ++++.        U - amulet of Vitality {RegenMP++ Regen++}
Stlth   +            v - +5 ring of evasion
HPRegen 2.42/turn    m - ring of willpower
MPRegen 1.02/turn

%: no passive effects
@: statue-form, studying Throwing, very slow
A: slow and powerful, torment resistance 1, boosted hp, reduced essence, large,
unfitting armour, (tough skin 1), fangs 1, agile 1, low MP 1
0: Orb of Zot
}: 3/15 runes: decaying, silver, gossamer
a: Begin Untransformation, Renounce Religion, Recall Ancestor, Ancestor
Identity, Transference, Idealise


You escaped.
You worshipped Hepliaklqana.
Hepliaklqana was extremely pleased with you.
You were a living statue of rough stone.
You visited 10 branches of the dungeon, and saw 48 of its levels.
You visited the Abyss 1 time.
You also visited: Ossuary, Gauntlet and Ice Cave.

You collected 8298 gold pieces.
You spent 1006 gold pieces at shops.

Inventory:

Hand Weapons
 C - a +9 eveningstar of freezing
   (You subdued it on level 2 of the Elven Halls)
 E - the +3 giant club "Skullcrusher" (weapon) {speed, Str+7}
   (You found it on level 2 of the Spider Nest)

   Str+7:     It affects your strength (+7).
Missiles
 a - 6 throwing nets
 k - 7 curare-tipped darts
Armour
 y - a scarf of resistance (worn)
   (You found it in an ice cave)
 G - the +0 mask of the Dragon (worn) {Will+ Slay+3 SInv}
   (You found it on level 5 of the Vaults)

   Slay+3:    It affects your accuracy & damage with ranged weapons and melee
   (+3).
   Will+:     It increases your willpower.
   SInv:      It lets you see invisible.
 K - +0 acid dragon scales (melded)
   (You found it on level 11 of the Dungeon)
 S - a +2 hat of willpower
   (You took it off Gastronok on level 3 of the Lair of Beasts)
Jewellery
 c - a ring of protection from cold
   (You found it on level 4 of the Realm of Zot)
 f - a ring of protection from fire
   (You found it in an ice cave)
 i - a ring of see invisible
   (You found it in a Gauntlet)
 m - a ring of willpower (right fist)
   (You found it in an ice cave)
 r - the ring of Ruhi {^Drain rPois rC+ Will++ Int+6}
   (You took it off a vault guard on level 5 of the Vaults)

   [ring of intelligence]

   Int+6:     It affects your intelligence (+6).
   rC+:       It protects you from cold.
   rPois:     It protects you from poison Will++: It greatly increases your
   willpower.
   ^Drain:    It drains your maximum health when unequipped.
 v - a +5 ring of evasion (left fist)
   (You found it on level 3 of the Spider Nest)
 L - the ring of Tuclinil {rF++ rC+ rN+ Int-5}
   (You found it in a Gauntlet)

   [ring of protection from cold]

   Int-5:     It affects your intelligence (-5).
   rF++:      It greatly protects you from fire.
   rC+:       It protects you from cold.
   rN+:       It protects you from negative energy.
 U - the amulet of Vitality (around neck) {RegenMP++ Regen++}
   (You acquired it on level 2 of the Elven Halls)

   [amulet of magic regeneration]

   RegenMP:   It increases your rate of magic regeneration.
   Regen++:   It increases your rate of health regeneration.
 V - a +4 ring of protection
   (You found it on level 15 of the Dungeon)
Talismans
 J - a granite talisman (active)
   (You found it in a Gauntlet)
Wands
 g - a wand of iceblast (23)
   (You found it on level 5 of the Dungeon)
 p - a wand of digging (20)
   (You found it on level 4 of the Swamp)
 H - a wand of quicksilver (20)
   (You took it off a gnoll on level 8 of the Dungeon)
 I - a wand of paralysis (65)
   (You took it off Maurice on level 10 of the Dungeon)
 T - a wand of mindburst (41)
   (You found it on level 3 of the Lair of Beasts)
Scrolls
 e - 3 scrolls of enchant armour
 j - 8 scrolls of fear
 o - a scroll of revelation
 s - 5 scrolls of vulnerability
 t - 8 scrolls of teleportation
 z - a scroll of blinking
 F - 5 scrolls of immolation
 N - a scroll of silence
 P - 11 scrolls of poison
 R - 8 scrolls of fog
 X - 3 scrolls of summoning
Potions
 b - 5 potions of magic
 d - 5 potions of might
 h - 5 potions of haste
 n - 4 potions of resistance
 q - 16 potions of curing
 w - 2 potions of heal wounds
 B - 2 potions of invisibility
 D - 3 potions of berserk rage
 M - 7 potions of lignification
 O - 17 potions of ambrosia
 Q - 5 potions of mutation
 W - 7 potions of brilliance
 Y - 9 potions of enlightenment
 Z - 2 potions of cancellation
Miscellaneous
 l - a box of beasts
   (You found it on level 3 of the Lair of Beasts)
 u - a condenser vane
   (You found it on level 5 of the Vaults)
 x - a phial of floods
   (You found it on level 5 of the Vaults)
 A - a lightning rod (4/4)
   (You found it in a Gauntlet)


   Skills:
 O Level 27 Fighting
 + Level 19.7 Maces & Flails
 - Level 4.0 Polearms
 - Level 5.8 Armour
 - Level 13.0 Dodging
 - Level 1.4 Stealth
 - Level 8.9 Shields
 - Level 7.2 Spellcasting
 - Level 0.8 Conjurations
 - Level 3.0 Fire Magic
 - Level 16.6 Ice Magic
 - Level 9.0 Alchemy
 - Level 10.0 Invocations
 - Level 4.0 Evocations
 - Level 25.0 Shapeshifting


You had 14 spell levels left.
You knew the following spells:

 Your Spells              Type           Power      Damage    Failure   Level
a - Sting                 Conj/Alch      100%       1d9       1%          1
b - Mercury Vapours       Alch/Air       52%        N/A       1%          2
c - Olgreb's Toxic Radia  Alch           45%        N/A       2%          4
d - Mephitic Cloud        Conj/Alch/Air  21%        N/A       7%          3
e - Sticky Flame          Fire/Alch      32%        2d7       8%          4
f - Ozocubu's Refrigerat  Ice            33%        4d14      8%          7
g - Ignite Poison         Fire/Alch      32%        N/A       8%          4
q - Apportation           Tloc           14%        N/A       9%          1

Your spell library contained the following spells:

 Spells                   Type           Power      Damage    Failure   Level
 Ensorcelled Hibernation  Hex/Ice        84%        N/A       1%          2
 Passwall                 Alch/Erth      21%        N/A       1%          2
 Hailstorm                Conj/Ice       44%        3d9       1%          3
 Ozocubu's Armour         Ice            67%        N/A       1%          3
 Cigotuvi's Dreadful Rot  Necr/Alch/Air  40%        N/A       3%          2
 Scorch                   Fire           40%        2d6       3%          2
 Magic Dart               Conj           44%        1d5       6%          1
 Alistair's Intoxication  Alch           30%        N/A       6%          5
 Shock                    Conj/Air       36%        1d5       8%          1
 Metabolic Englaciation   Hex/Ice        21%        N/A       8%          5
 Sandblast                Erth           14%        2d6       9%          1
 Slow                     Hex            28%        N/A       9%          1
 Summon Small Mammal      Summ           28%        N/A       9%          1
 Searing Ray              Conj           22%        2d5       9%          2
 Momentum Strike          Conj/Tloc      18%        3d8       11%         2
 Static Discharge         Conj/Air       18%        3-4/arc   11%         2
 Fulminant Prism          Conj/Alch      14%        3d8       12%         4
 Blink                    Tloc           14%        N/A       13%         2
 Jinxbite                 Hex            14%        N/A       13%         2
 Lesser Beckoning         Tloc           14%        N/A       13%         2
 Inner Flame              Hex/Fire       13%        N/A       14%         3
 Volatile Blastmotes      Fire/Tloc      26%        2d12      14%         3
 Leda's Liquefaction      Alch/Erth      13%        N/A       14%         4
 Petrify                  Alch/Erth      26%        N/A       14%         4
 Dazzling Flash           Conj/Hex       18%        N/A       22%         3
 Stone Arrow              Conj/Erth      18%        3d8       22%         3
 Freezing Cloud           Conj/Ice/Air   16%        6-21      22%         5
 Call Canine Familiar     Summ           7%         N/A       26%         3
 Confusing Touch          Hex            7%         N/A       26%         3
 Gell's Gravitas          Tloc           7%         N/A       26%         3
 Sigil of Binding         Hex            7%         N/A       26%         3
 Summon Guardian Golem    Hex/Summ       7%         N/A       26%         3
 Swiftness                Air            7%         N/A       26%         3
 Teleport Other           Tloc           7%         N/A       26%         3
 Tukima's Dance           Hex            7%         N/A       26%         3
 Vampiric Draining        Necr           7%         2d6       26%         3
 Irradiate                Conj/Alch      14%        3d16      32%         5
 Eringya's Noxious Bog    Alch           22%        4d6       32%         6
 Flame Wave               Conj/Fire      15%        2d7       36%         4
 Yara's Violent Unravell  Hex/Alch       13%        3d7       36%         5
 Simulacrum               Ice/Necr       21%        N/A       41%         6
 Brom's Barrelling Bould  Conj/Erth      9%         2d3       58%         4
 Iskenderun's Mystic Bla  Conj/Tloc      9%         2d4       58%         4
 Airstrike                Air            3%         2d(1-17)  65%         4
 Animate Dead             Necr           7%         N/A       65%         4
 Cause Fear               Hex            3%         N/A       65%         4
 Dimensional Bullseye     Hex/Tloc       3%         N/A       65%         4
 Summon Lightning Spire   Summ/Air       7%         N/A       65%         4
 Vhi's Electric Charge    Tloc/Air       14%        N/A       65%         4
 Fireball                 Conj/Fire      7%         3d5       73%         5
 Iskenderun's Battlesphe  Conj           11%        2d7       86%         5
 Arcjolt                  Conj/Air       4%         1d14      90%         5
 Borgnjor's Vile Clutch   Necr/Erth      3%         N/A       94%         5
 Lee's Rapid Deconstruct  Erth           3%         3d5*      94%         5
 Summon Forest            Summ/Tloc      3%         N/A       94%         5
 Summon Mana Viper        Hex/Summ       7%         N/A       94%         5
 Starburst                Conj/Fire      7%         6d4       99%         6
 Bombard                  Conj/Erth      4%         9d2       100%        6
 Death Channel            Necr           3%         N/A       100%        6
 Plasma Beam              Fire/Air       6%         2x1d17    100%        6
 Summon Cactus Giant      Summ           3%         N/A       100%        6
 Haunt                    Necr/Summ      3%         N/A       100%        7
 Orb of Destruction       Conj           5%         9d5       100%        7
 Spellforged Servitor     Conj/Summ      4%         N/A       100%        7
 Discord                  Hex            3%         N/A       100%        8
 Ignition                 Fire           10%        3d5       100%        8
 Infestation              Necr           3%         N/A       100%        8
 Maxwell's Capacitive Co  Air            3%         ∞         100%        8
 Polar Vortex             Ice            33%        12d4*     100%        9


Dungeon Overview and Level Annotations

Branches:
Dungeon (15/15)            Temple (1/1) D:4            Lair (5/5) D:11
  Swamp (4/4) Lair:3       Spider (4/4) Lair:3        Slime (0/5) Lair:4
    Orc (2/2) D:12            Elf (3/3) Orc:2        Vaults (5/5) D:14
  Crypt (0/3) Vaults:3     Depths (4/4) D:15            Zot (5/5) Depths:4
Ossuary (visited)           IceCv (visited)         Gauntlet (visited)

Altars:
Ashenzari
Cheibriados
Dithmenos
Elyvilon
Fedhas
Gozag
Hepliaklqana
Kikubaaqudgha
Makhleb
Nemelex Xobeh
Okawaru
Qazlal
Ru
Sif Muna
Trog
Uskayaw
Vehumet
Wu Jian
Xom
Yredelemnul
Zin
The Shining One
Lugonu

Shops:
Orc:2 [(*!   Elf:2 ![*=?   Elf:3 (   Vaults:3 (   Depths:1 [   Depths:4 [*

Portals:
Hell: Depths:1 Depths:2 Depths:3 Depths:4
Abyss: Depths:3 Depths:4
Pandemonium: Depths:1 Depths:2 Depths:3

Annotations:
D:14 Roxanne
Swamp:1 2 transporters
Vaults:2 2 transporters
Depths:4 exclusions: 2 daevas and 2 more exclusions
Zot:1 2 transporters, Emorepp's ghost, legendary GnSk


Innate Abilities, Weirdness & Mutations

You are a living statue of rough stone.
Your actions are slow, but your melee attacks are powerful.
You are resistant to unholy torment.
Your maximum health is greatly increased.
Your equipment is partially melded.
Your life essence is reduced to manifest your ancestor. (-10% HP)
You are too large for most types of armour.
You are immune to poison.
((You have tough skin. (AC +1)))
You have very sharp teeth.
You are agile. (Dex +4, Str/Int -1)
Your magical capacity is low. (-10% MP)


Message History

The bolt of magma hits the Brimstone Fiend!
The Brimstone Fiend partially resists.
You hit the Brimstone Fiend but do no damage.
The Brimstone Fiend is heavily wounded.
Lici hits the Brimstone Fiend with a +0 lajatang of freezing!
Lici freezes the Brimstone Fiend!
The Brimstone Fiend hits you but does no damage.
The Brimstone Fiend closely misses you.
The Brimstone Fiend completely misses you.
You closely miss the Brimstone Fiend.
You bite the Brimstone Fiend, but do no damage.
The Brimstone Fiend is severely wounded.
Lici hits the Brimstone Fiend with a +0 lajatang of freezing!!
Lici freezes the Brimstone Fiend!
The Brimstone Fiend dies!
Lici is no longer moving quickly.
There is a stone staircase leading up here.
You climb upwards.
There is a stone staircase leading down here.
Okay, then.
An Orb Guardian comes into view.
You closely miss the Orb Guardian. You bite the Orb Guardian.
The Orb Guardian is lightly wounded.
The Orb Guardian completely misses you.
You sock the Orb Guardian! Your bite misses the Orb Guardian.
The Orb Guardian is lightly wounded.
The Orb Guardian hits you but does no damage.
Lici mumbles some strange words.
Lici seems to speed up.
You bludgeon the Orb Guardian!!
The Orb Guardian is heavily wounded.
The Orb Guardian hits you!
You hit the Orb Guardian.
The Orb Guardian is heavily wounded.
You hit the Orb Guardian but do no damage.
The Orb Guardian is heavily wounded.
The Orb Guardian hits you but does no damage.
You miss the Orb Guardian. Your bite misses the Orb Guardian.
The Orb Guardian is heavily wounded.
The Orb Guardian barely misses you.
You miss the Orb Guardian. You bite the Orb Guardian.
The Orb Guardian is heavily wounded.
Lici points at the Orb Guardian and mumbles some strange words.
The crystal spear hits the Orb Guardian!!
The Orb Guardian hits you but does no damage.
You barely miss the Orb Guardian.
The Orb Guardian is almost dead.
The Orb Guardian hits you!! The Orb Guardian misses you.
You closely miss the Orb Guardian.
You bite the Orb Guardian, but do no damage.
The Orb Guardian is almost dead.
The Orb Guardian hits you but does no damage.
You beat the Orb Guardian like a drum!!!
You kill the Orb Guardian!
There is a stone staircase leading up here.
You climb upwards.
There is a stone staircase leading down here.
You swap places.
Ancestor HP restored.
HP restored.
You see here a +0 morningstar.
Lici is no longer moving quickly.
There is a stone staircase leading down here.
An Ice Fiend comes into view.
Lici casts a spell at the Ice Fiend.
The bolt of magma hits the Ice Fiend!!!
The Ice Fiend is burned terribly!
The Ice Fiend claws you but does no damage.
The Ice Fiend misses you.
Lici completely misses the Ice Fiend.
The Ice Fiend misses you. The Ice Fiend completely misses you.
You flatten the Ice Fiend like a pancake!!!
You kill the Ice Fiend!
No target in view!
No target in view!
There is a stone staircase leading up here.
You climb upwards.
There is a stone staircase leading down here.
You swap places.
There is an escape hatch in the floor here.
There is a stone staircase leading up here.
You climb upwards.
There is a stone staircase leading down here. 3 hell hounds come into view.
The hell hound barks! x2
Lici gestures at the hell hound while chanting.
The crystal spear hits the hell hound!!!
The hell hound dies!
You swap places.
The hell hound completely misses you. The hell hound barely misses you.
The hell hound closely misses you.
You bludgeon the hell hound!!
You kill the hell hound!
Lici closely misses the hell hound.
The hell hound breathes flames at you. The blast of flame misses you.
You hammer the hell hound like a gong!!!
You kill the hell hound!
No target in view!
No target in view!
There is a staircase leading out of the dungeon here.
Enter note: gg You have escaped!

# ##.......#...#........###...
#######..#######.#######..###....
.........#~~#.......#~~#...###...
#####....#~#.........#~#...####..
# ##...##...........##......... #
#...#.........[...#..#####.# #
##..##.............##..## #.#
##..#.#.3...........#.#..###.#
#..#.........8.........#..##.#
##..#.#......R......#.#..###.#
#....##.............##........
#.##..#.......††....#..#.###.#
####.##..##...........##..#.###.#
.........#~#.........#~#.........
.###.##..#~~#.......#~~#..#)##...
...#.##..#######.#######..#.#...>
.#.#..........#...#.......#.##...


You could see the friendly Lici the battlemage and a sixfirhy.

Vanquished Creatures
  An ancient lich (Depths:2)
  Vv (Zot:1)
  2 Killer Klowns (Zot:5)
  Saint Roka (Depths:2)
  2 curse toes
  2 caustic shrikes (Depths:4)
  8 golden dragons
  A Tzitzimitl (Depths:4)
  5 electric golems
  8 tentacled monstrosities
  A Hell Sentinel (Zot:1)
  2 liches (Depths:3)
  An Ice Fiend (D:3)
  11 Orb Guardians
  Zenata (Vaults:1)
  The ghost of Plog the Tortoise, an adept AtMo of Okawaru (Vaults:4)
  2 titans (Vaults:5)
  A deep elf blademaster (Elf:3)
  6 death cobs
  A deep elf master archer (Elf:3)
  2 sphinxes
  4 quicksilver dragons
  3 tengu reavers
  A thorn hunter (Swamp:3)
  14 storm dragons
  A draconian monk (Zot:4)
  Aizul (Depths:1)
  Donald (Spider:2)
  5 shadow dragons
  4 fire giants
  A revenant (Vaults:3)
  5 draconian knights
  An emperor scorpion (D:15)
  The ghost of Cusoif the Destroyer, an adept HuCj of Sif Muna (D:14)
  3 frost giants
  2 protean progenitors (Zot:1)
  An iron dragon (Vaults:5)
  4 draconian scorchers
  4 draconian shifters
  3 deep elf elementalists
  5 ghost moths
  3 draconian annihilators
  A deep elf sorcerer (Elf:3)
  11 vault wardens
  A cacodemon (Zot:3)
  A ghoul (Swamp:4)
  A reaper (Zot:1)
  2 orc warlords
  2 demonspawn corrupters (Zot:3)
  14 ironbound preservers
  An ironbound thunderhulk (Vaults:1)
  4 war gargoyles
  13 very ugly things
  3 broodmothers (Spider:4)
  8 stone giants
  14 black draconians
  An eleionoma (Abyss:2)
  5 green draconians
  5 deep elf demonologists
  2 deep elf annihilators (Elf:3)
  2 deep elf death magi (Elf:3)
  A minotaur (Gauntlet)
  A bunyip (Swamp:2)
  5 red draconians
  8 white draconians
  10 purple draconians
  11 yellow draconians
  11 spark wasps
  11 dire elephants
  An eidolon (Vaults:3)
  Josephine (D:15)
  A crystal guardian (Vaults:3)
  4 ettins
  5 fire dragons
  7 entropy weavers
  11 yaktaur captains
  4 ice dragons
  13 hydras
  2 great orbs of eyes (Vaults:3)
  18 vault guards
  2 spriggan air magi (Depths:2)
  12 centaur warriors
  6 alligators
  A hell beast (Zot:5)
  2 peacekeepers
  7 boulder beetles
  3 two-headed ogres
  6 dancing weapons
  4 ironbound frosthearts
  5 radroaches
  2 deep troll shamans (Depths:1)
  3 tengu warriors
  3 spriggan berserkers
  5 deep troll earth magi
  A demonic crawler (Abyss:2)
  4 orc high priests
  2 hell hogs (Zot:1)
  A thrashing horror (Gauntlet)
  4 occultists
  10 deep elf knights
  A soul eater (Depths:3)
  15 hell knights
  4 iron trolls (Depths:2)
  2 sun demons
  4 skeletal warriors
  A skyshark (Lair:4)
  A sea snake (Lair:5)
  2 pharaoh ants
  A death drake (Swamp:1)
  3 goliath frogs
  An orb spider (shapeshifter) (Vaults:5)
  4 arcanists
  3 spriggan druids
  2 bog bodies
  5 glowing orange brains
  39 deep trolls
  7 orb spiders
  6 deep elf archers
  11 ironbound convokers
  12 deep elf zephyrmancers
  4 necromancers
  A steelbarb worm (Spider:4)
  3 phantasmal warriors
  A swamp dragon (Swamp:4)
  4 lindwurms
  13 orc knights
  17 deep elf pyromancers
  10 ugly things
  4 orc sorcerers
  12 wolf spiders
  A shining eye (shapeshifter) (Vaults:5)
  A cyclops (D:14)
  3 will-o-the-wisps (Swamp:4)
  A salamander (D:15)
  3 kobold blastminers (Orc:2)
  12 vault sentinels
  18 moths of wrath
  3 black mambas
  A smoke demon (Depths:1)
  2 ice statues (IceCv)
  13 elephants
  A torpor snail (Spider:4)
  A gargoyle (D:12)
  An orange demon (D:6)
  5 cane toads
  2 hellions
  7 komodo dragons
  2 rime drakes
  13 yaktaurs
  3 tengu conjurers
  2 freezing wraiths
  A merfolk (shapeshifter) (Depths:2)
  A meliai (Spider:2)
  A queen bee (Spider:2)
  A troll (D:14)
  8 hornets
  11 tarantellas
  2 glass eyes
  Grinder (D:5)
  3 blink frogs (Lair:4)
  2 tyrant leeches
  A glass eye (shapeshifter) (Vaults:5)
  A raiju (Gauntlet)
  11 slime creatures
  12 jumping spiders
  12 culicivoras
  An air elemental (Elf:1)
  4 wyverns
  10 spriggans
  A shadow (D:9)
  A fire bat (Abyss:2)
  A wraith (D:15)
  A steam dragon (Gauntlet)
  31 yaks
  10 vampire mosquitoes
  A basilisk (Lair:2)
  35 redbacks
  9 swamp worms
  A small abomination (Gauntlet)
  5 water moccasins
  3 acid dragons
  2 hell hounds (D:1)
  3 swamp drakes
  7 orc warriors
  A sky beast (D:6)
  2 black bears
  2 ogres
  11 centaurs
  8 wolves
  2 phantoms (D:4)
  2 kobold brigands
  3 bullfrogs
  A gnoll sergeant (D:4)
  2 two-headed ogre simulacra (D:11)
  8 wights
  29 killer bees
  3 electric eels
  2 howler monkeys (D:7)
  2 jellies
  3 komodo dragon simulacra (IceCv)
  9 orc priests
  4 hounds
  3 gnoll boudas
  2 sleepcaps (D:6)
  A spriggan simulacrum (D:11)
  3 iguanas
  12 orc wizards
  2 troll simulacra (D:11)
  2 mummies (Ossuary)
  Robin (D:3)
  38 gnolls
  6 adders
  A naga simulacrum (D:11)
  A shadow imp (D:6)
  A white imp (D:5)
  4 steam dragon simulacra (IceCv)
  2 adder zombies (Ossuary)
  A worm (D:2)
  4 dart slugs
  50 orcs
  11 endoplasms
  6 giant cockroaches
  13 goblins
  13 hobgoblins
  4 jackals (D:1)
  6 quokkas
  8 ball pythons
  6 bats
  5 frilled lizards
  3 goblin zombies (Ossuary)
  4 hobgoblin zombies (Ossuary)
  11 kobolds
  2 kobold zombies (Ossuary)
  2 quokka zombies (Ossuary)
  8 rats
  A rat zombie (Ossuary)
  2 aspiring fleshes (Zot:1)
  A butterfly (Depths:1)
1242 creatures vanquished.

Vanquished Creatures (collateral kills)
  2 dread liches
  3 ancient liches (Vaults:5)
  2 orbs of fire
  Sojobo (Depths:4)
  Bai Suzhen (Depths:2)
  Xtahua (Depths:3)
  2 Killer Klowns (Zot:5)
  3 caustic shrikes (Depths:4)
  A curse toe (Zot:2)
  Nikola (Spider:1)
  4 golden dragons
  A Tzitzimitl (D:11)
  A Brimstone Fiend (D:5)
  A bone dragon (Depths:4)
  Jorgrun (Elf:2)
  A Hell Sentinel (Zot:2)
  An Ice Fiend (D:14)
  17 Orb Guardians
  7 tentacled monstrosities
  2 deep elf blademasters
  2 quicksilver dragons
  A deep elf master archer (Elf:3)
  2 sphinxes
  3 titans (Vaults:5)
  An Executioner (D:11)
  3 death cobs
  Frances (Swamp:1)
  Gastronok (Lair:3)
  A thorn hunter (Swamp:4)
  2 storm dragons (Zot:4)
  4 tengu reavers
  2 protean progenitors (Zot:1)
  6 shadow dragons
  A draconian monk (Zot:3)
  2 deep elf sorcerers (Elf:3)
  2 fire giants (Vaults:5)
  4 draconian knights
  A balrug (Zot:3)
  6 vault wardens
  2 ghost moths (Spider:4)
  5 draconian shifters
  2 draconian scorchers
  Louise (D:15)
  5 frost giants
  A curse skull (Vaults:3)
  3 deep elf elementalists (Elf:3)
  An emperor scorpion (Spider:4)
  2 cacodemons
  A ghoul (Swamp:4)
  8 very ugly things
  9 stone giants
  5 ironbound preservers
  2 orc warlords (Vaults:3)
  Nessos (D:15)
  4 broodmothers
  A draconian annihilator (Zot:1)
  A formless jellyfish (Vaults:3)
  2 eleionomae
  3 black draconians
  2 ironbound thunderhulks (Vaults:3)
  6 green draconians
  3 white draconians
  4 deep elf death magi (Elf:3)
  4 deep elf demonologists (Elf:3)
  7 red draconians
  3 deep elf annihilators
  3 spark wasps (Depths:3)
  3 bunyips
  7 dire elephants (Vaults:2)
  7 yellow draconians
  An eidolon (Vaults:3)
  7 ettins
  2 purple draconians (Zot:4)
  A blizzard demon (Depths:3)
  3 crystal guardians (Vaults:1)
  A green death (Depths:4)
  5 entropy weavers
  7 yaktaur captains
  7 fire dragons
  A deep elf high priest (Vaults:5)
  A shambling mangrove (Swamp:4)
  2 great orbs of eyes
  9 hydras
  16 vault guards
  A hell beast (D:6)
  2 peacekeepers (Vaults:1)
  3 spriggan air magi
  A jorogumo (Spider:4)
  3 ogre magi
  5 ironbound frosthearts
  2 ice dragons
  5 alligators
  5 boulder beetles
  5 two-headed ogres
  6 centaur warriors
  A death knight (D:15)
  2 deep troll earth magi (Depths:2)
  A deep troll shaman (Depths:2)
  A vampire mage (Depths:2)
  8 demonic crawlers
  4 occultists
  20 dancing weapons
  7 hell knights
  2 hell hogs (Zot:1)
  6 orc high priests
  3 sun demons
  7 pharaoh ants
  13 deep elf knights
  A skyshark (Lair:5)
  6 spriggans
  A sun moth (Spider:3)
  A sixfirhy (D:15)
  5 skeletal warriors
  5 goliath frogs
  6 swamp dragons
  2 glowing orange brains (Depths:2)
  A flayed ghost (Vaults:5)
  13 deep trolls
  5 lindwurms
  6 bog bodies
  9 steelbarb worms
  2 arcanists
  17 deep elf pyromancers
  5 orc knights
  8 wolf spiders
  5 necromancers
  A lindwurm (shapeshifter) (D:13)
  6 deep elf archers
  7 ironbound convokers
  5 orc sorcerers (Orc:2)
  10 deep elf zephyrmancers
  3 phantasmal warriors (Vaults:5)
  A faun (shapeshifter) (D:15)
  Maurice (D:10)
  A mana viper (shapeshifter) (Vaults:5)
  11 ugly things
  6 cyclopes
  19 moths of wrath
  A manticore (Lair:5)
  3 will-o-the-wisps
  7 elephants
  2 black mambas
  5 torpor snails
  4 kobold blastminers
  2 gargoyles
  7 cane toads
  A smoke demon (Depths:1)
  9 vault sentinels
  2 orange demons (D:15)
  An unseen horror (shapeshifter) (D:13)
  3 rime drakes (IceCv)
  2 unseen horrors (D:12)
  10 yaktaurs
  A kobold demonologist (D:10)
  A tengu conjurer (Depths:4)
  A freezing wraith (Vaults:5)
  5 komodo dragons
  3 trolls
  A red devil (Zot:5)
  A wind drake (Lair:5)
  11 hornets
  2 meliai (Spider:2)
  A polar bear (shapeshifter) (D:14)
  11 tarantellas
  6 tyrant leeches
  2 blink frogs (Lair:4)
  A snapping turtle (shapeshifter) (Vaults:5)
  16 slime creatures
  12 jumping spiders
  7 culicivoras
  2 vampires (D:12)
  A shadow (D:10)
  An air elemental (Elf:3)
  31 yaks
  2 ynoxinuls
  4 water elementals
  A basilisk (shapeshifter) (D:14)
  2 fire bats (Abyss:2)
  3 wraiths
  5 wyverns
  2 basilisks
  3 fire elementals
  21 redbacks
  12 vampire mosquitoes
  A redback (shapeshifter) (Vaults:5)
  5 steam dragons
  5 wargs
  5 swamp worms
  3 acid dragons
  A small abomination (Gauntlet)
  A hell hound (D:1)
  6 water moccasins
  2 swamp drakes (Swamp:1)
  9 orc warriors
  5 ogres
  5 wolves
  5 centaurs
  4 kobold brigands
  2 bullfrogs
  An earth elemental (Elf:1)
  A necrophage (Swamp:4)
  3 lindwurm simulacra (IceCv)
  13 killer bees
  An electric eel (Spider:1)
  A howler monkey (D:7)
  A crimson imp (D:10)
  A hound (D:6)
  A komodo dragon simulacrum (IceCv)
  5 orc priests
  A gnoll bouda (D:8)
  An iron imp (Abyss:2)
  9 orc wizards
  A mummy (Ossuary)
  2 gnolls (D:8)
  5 acid dragon simulacra (IceCv)
  An adder (D:6)
  A white imp (D:7)
  5 steam dragon simulacra (IceCv)
  23 orcs
  A goblin zombie (Ossuary)
  4 kobolds
  A quokka zombie (Ossuary)
  An aspiring flesh (Zot:1)
925 creatures vanquished.

Vanquished Creatures (others)
  A ghost moth (Zot:4)
  An occultist (Depths:2)
  A deep elf zephyrmancer (Elf:2)
  An unseen horror (D:12)
  A yaktaur (shapeshifter) (Depths:4)
  2 bloated husks
  An orc warrior (Orc:1)
  95 battlemagi
  An orc wizard (Orc:2)
  3 ancestors
  21 foxfires
128 creatures vanquished.

Grand Total: 2295 creatures vanquished

Notes
Turn   | Place    | Note
-------+----------+-------------------------------------------
     0 | D:1      | Flugkiller the Ogre Alchemist began the quest for the Orb.
     0 | D:1      | Reached XP level 1. HP: 16/16 MP: 3/3
    35 | D:1      | Found a faded altar of an unknown god.
    47 | D:1      | Reached skill level 1 in Fighting
   229 | D:1      | Reached XP level 2. HP: 18/27 MP: 5/5
   593 | D:1      | Reached XP level 3. HP: 31/33 MP: 6/6
  1270 | D:1      | Learned a level 2 spell: Mercury Vapours
  1429 | D:2      | Reached XP level 4. HP: 41/41 MP: 7/7
  2039 | D:3      | Reached XP level 5. HP: 44/48 MP: 8/8
  2118 | D:3      | Reached skill level 5 in Alchemy
  2130 | D:3      | Reached skill level 2 in Fighting
  2161 | D:3      | Noticed Robin
  2187 | D:3      | Killed Robin
  3115 | D:4      | Noticed a phantom
  3122 | D:4      | Reached XP level 6. HP: 57/57 MP: 9/9
  3201 | D:4      | Reached skill level 3 in Fighting
  3354 | D:4      | Reached skill level 4 in Fighting
  3354 | D:4      | Reached skill level 1 in Polearms
  3487 | D:4      | Found a staircase to the Ecumenical Temple.
  3542 | D:4      | Reached XP level 7. HP: 70/70 MP: 7/10
  3914 | D:4      | Found an opulent altar of Gozag.
  4051 | Temple   | Entered the Ecumenical Temple
  4057 | Temple   | Became a worshipper of Hepliaklqana the Forgotten
  4192 | D:4      | Learned a level 4 spell: Olgreb's Toxic Radiance
  4197 | D:5      | Entered Level 5 of the Dungeon
  4198 | D:5      | Noticed Grinder
  4335 | D:5      | Killed Grinder
  4336 | D:5      | Reached XP level 8. HP: 55/78 MP: 12/12
  4410 | D:5      | Found a stormy altar of Qazlal.
  4562 | D:5      | Reached skill level 5 in Fighting
  4824 | D:5      | Identified the +6 war axe of Action {drain, rC+ rN+ Str+3}
  5069 | D:5      | Reached skill level 6 in Fighting
  5312 | D:6      | Reached skill level 7 in Fighting
  5316 | D:6      | Learned a level 3 spell: Mephitic Cloud
  5608 | D:6      | Reached * piety under Hepliaklqana
  5636 | D:6      | Reached XP level 9. HP: 81/83 MP: 14/14
  6143 | D:6      | Learned a level 4 spell: Sticky Flame
  6343 | D:6      | Reached skill level 1 in Fire Magic
  6773 | D:7      | Reached skill level 8 in Fighting
  6801 | D:7      | Found a sand-covered staircase.
  6817 | Ossuary  | Entered an ossuary
  7313 | D:7      | Reached skill level 1 in Evocations
  7582 | D:7      | Noticed a hornet
  7589 | D:7      | Killed a hornet
  7770 | D:7      | Reached ** piety under Hepliaklqana
  7771 | D:7      | Remembered your ancestor Lici as a battlemage
  8067 | D:8      | Reached skill level 5 in Spellcasting
  8067 | D:8      | Reached XP level 10. HP: 84/94 MP: 17/17
  8136 | D:8      | Reached skill level 9 in Fighting
  8411 | D:8      | Reached skill level 10 in Fighting
  8441 | D:8      | Reached skill level 1 in Ice Magic
  9196 | D:9      | Reached *** piety under Hepliaklqana
  9317 | D:9      | Reached skill level 5 in Ice Magic
  9408 | D:9      | Noticed a two-headed ogre
  9414 | D:9      | Killed a two-headed ogre
  9482 | D:10     | Entered Level 10 of the Dungeon
  9517 | D:10     | Reached XP level 11. HP: 73/105 MP: 18/18
  9598 | D:10     | Found a broken altar of Ashenzari.
  9711 | D:10     | Noticed a two-headed ogre
  9718 | D:10     | Killed a two-headed ogre
  9741 | D:10     | Noticed Maurice
  9742 | D:10     | Paralysed by Maurice for 5 turns
  9751 | D:10     | Killed Maurice
 10007 | D:10     | Found a radiant altar of Vehumet.
 10007 | D:10     | Found a burning altar of Makhleb.
 10515 | D:11     | Reached **** piety under Hepliaklqana
 10567 | D:11     | Found a staircase to the Lair.
 10571 | D:11     | Noticed a brown ugly thing
 10571 | D:11     | Noticed a two-headed ogre
 10578 | D:11     | Killed a brown ugly thing
 10579 | D:11     | Reached skill level 10 in Ice Magic
 10580 | D:11     | Killed a two-headed ogre
 10655 | D:11     | Found a frozen archway.
 10741 | IceCv    | Entered an ice cave
 10975 | IceCv    | Reached XP level 12. HP: 99/113 MP: 19/19
 11402 | IceCv    | Got the Catalogue of Arsenical Hypothermia
 11484 | IceCv    | Noticed a white draconian
 11505 | IceCv    | Reached skill level 1 in Invocations
 11575 | IceCv    | Killed a white draconian
 12334 | Lair:1   | Entered Level 1 of the Lair of Beasts
 12404 | Lair:1   | Reached skill level 5 in Invocations
 12405 | Lair:1   | Identified the +2 pair of boots of Hubris {Dex+3}
 12626 | Lair:1   | You fall into a shaft and drop 1 floor!
 13650 | Lair:3   | Found a hole to the Spider Nest.
 13735 | Lair:3   | Reached XP level 13. HP: 102/119 MP: 20/20
 13750 | Lair:3   | Noticed Gastronok
 13793 | Lair:3   | Killed Gastronok
 14473 | Lair:3   | Found a staircase to the Swamp.
 14814 | Lair:4   | Found a staircase to the Slime Pits.
 15137 | Lair:4   | Reached skill level 15 in Ice Magic
 15145 | Lair:4   | Learned a level 7 spell: Ozocubu's Refrigeration
 15401 | Lair:4   | Reached ***** piety under Hepliaklqana
 15601 | Lair:4   | Reached skill level 1 in Armour
 16056 | Lair:4   | Reached skill level 11 in Fighting
 16434 | Lair:4   | Reached XP level 14. HP: 107/131 MP: 21/21
 16793 | Lair:5   | Entered Level 5 of the Lair of Beasts
 17265 | Lair:5   | Reached skill level 12 in Fighting
 17814 | Lair:5   | Identified 2 scrolls of acquirement
 17814 | Lair:5   | Acquired 685 gold pieces
 17816 | Lair:5   | Acquired a +8 spectral giant spiked club
 17843 | Lair:5   | Reached skill level 5 in Armour
 18665 | Lair:5   | Found a burning altar of Makhleb.
 18765 | Lair:5   | Identified the +1 trident of Oculuot Yxo {drain, rC+}
 18994 | D:12     | Found a gate leading to a gauntlet.
 19001 | Gauntlet | Entered a Gauntlet
 19001 | Gauntlet | Found a transporter.
 19001 | Gauntlet | Found a transporter.
 19009 | Gauntlet | Found a transporter.
 19014 | Gauntlet | Found a transporter.
 19023 | Gauntlet | Found a transporter.
 19026 | Gauntlet | Found a transporter.
 19038 | Gauntlet | Found a transporter.
 19043 | Gauntlet | Found a runed translucent door.
 19050 | Gauntlet | Found a transporter.
 19067 | Gauntlet | Found a transporter.
 19068 | Gauntlet | Found a transporter.
 19079 | Gauntlet | Found a transporter.
 19080 | Gauntlet | Found a transporter.
 19376 | Gauntlet | Identified the ring of Tuclinil {rF++ rC+ rN+ Int-5}
 19479 | Gauntlet | Identified the amulet of the Unkillable {Faith Will+ Str+2
                  | Dex+2}
 19510 | Gauntlet | Identified the +3 kite shield of the Thistle {Int+6}
 19538 | Gauntlet | Found the +4 consecrated labrys {holy, Valiant ^Fragile Fly
                  | SInv}
 19540 | Gauntlet | Reached skill level 1 in Shapeshifting
 19713 | D:12     | Found a staircase to the Orcish Mines.
 20553 | D:12     | Found a bloodstained altar of Trog.
 21043 | D:13     | Reached skill level 5 in Shapeshifting
 21083 | D:13     | Reached XP level 15. HP: 135/140 MP: 9/23
 22540 | D:14     | Noticed Roxanne
 22663 | D:14     | Found a basalt altar of Yredelemnul.
 23008 | D:14     | Got the Encyclopedia of Thunder
 23549 | D:14     | Found a gate to the Vaults.
 23805 | D:14     | Found a runed translucent door.
 23805 | D:14     | Noticed Cusoif's ghost (adept HuCj)
 23935 | D:14     | Killed Cusoif's ghost
 24251 | D:15     | Entered Level 15 of the Dungeon
 24643 | D:15     | Reached skill level 10 in Shapeshifting
 24900 | D:15     | Found a shadowy altar of Dithmenos.
 25457 | D:15     | Noticed Josephine
 25467 | D:15     | Killed Josephine
 25635 | D:15     | Noticed Louise
 25676 | D:15     | Killed Louise
 25779 | D:15     | Noticed Nessos
 25795 | D:15     | Killed Nessos
 26055 | D:15     | Found a hide-covered altar of Uskayaw.
 26134 | D:15     | Found a staircase to the Depths.
 26134 | D:15     | Noticed an emperor scorpion
 26434 | D:15     | Killed an emperor scorpion
 26435 | D:15     | Reached XP level 16. HP: 93/148 MP: 24/24
 27048 | Orc:1    | Entered Level 1 of the Orcish Mines
 27167 | Orc:2    | Entered Level 2 of the Orcish Mines
 27180 | Orc:2    | Reached skill level 1 in Shields
 27434 | Orc:2    | Found a staircase to the Elven Halls.
 27830 | Orc:2    | Found Zuq Dune's Antique Armour Shop.
 27830 | Orc:2    | Found Heurch's Distillery.
 27832 | Orc:2    | Found Yrifu's Assorted Antiques.
 27832 | Orc:2    | Found Hatuq's Weapon Shop.
 28150 | Orc:1    | Reached ****** piety under Hepliaklqana
 28387 | Swamp:1  | Entered Level 1 of the Swamp
 28464 | Swamp:1  | Reached skill level 5 in Shields
 28637 | Swamp:1  | Noticed Frances
 28642 | Swamp:1  | Killed Frances
 28687 | Swamp:1  | Found a transporter.
 28708 | Swamp:1  | Identified the +4 quarterstaff "Akkag" {heavy, *Rage rF+++
                  | Will++}
 28752 | Swamp:1  | Found a transporter.
 29854 | Swamp:3  | Reached XP level 17. HP: 146/154 MP: 12/25
 29935 | Swamp:3  | Identified the +5 great mace "Cucuw" {holy, rElec rPois
                  | Will+ Str+8}
 31054 | Swamp:4  | Entered Level 4 of the Swamp
 31085 | Swamp:4  | Reached skill level 15 in Shapeshifting
 31466 | Swamp:4  | Reached skill level 13 in Fighting
 31811 | Swamp:4  | Reached skill level 14 in Fighting
 32339 | Swamp:4  | Reached skill level 15 in Fighting
 32494 | Swamp:4  | Got a decaying rune of Zot
 32836 | Spider:1 | Entered Level 1 of the Spider Nest
 33104 | Spider:1 | Noticed Nikola
 33116 | Spider:1 | Killed Nikola
 33380 | Spider:1 | Reached XP level 18. HP: 175/175 MP: 27/27
 33810 | Spider:2 | Found the +3 giant club "Skullcrusher" {speed, Str+7}
 34220 | Spider:2 | Noticed Donald
 34223 | Spider:2 | Reached skill level 16 in Fighting
 34226 | Spider:2 | Killed Donald
 34317 | Spider:2 | Reached skill level 1 in Maces & Flails
 35333 | Spider:3 | Reached skill level 17 in Fighting
 35630 | Spider:4 | Entered Level 4 of the Spider Nest
 35877 | Spider:4 | Reached skill level 5 in Maces & Flails
 36396 | Spider:4 | Gained mutation: You have sharp toenails. [potion of
                  | mutation]
 36396 | Spider:4 | Gained mutation: You have hidden genetic defects. [potion
                  | of mutation]
 36396 | Spider:4 | Gained mutation: You have a pair of small horns on your
                  | head. [potion of mutation]
 36397 | Spider:4 | Lost mutation: You have a pair of small horns on your head.
                  | [potion of mutation]
 36397 | Spider:4 | Lost mutation: You have sharp toenails. [potion of
                  | mutation]
 36397 | Spider:4 | Gained mutation: Your health recovers twice as slowly from
                  | being drained. [potion of mutation]
 36397 | Spider:4 | Lost mutation: Your health recovers twice as slowly from
                  | being drained. [potion of mutation]
 36398 | Spider:4 | Lost mutation: You have hidden genetic defects. [potion of
                  | mutation]
 36398 | Spider:4 | Gained mutation: You have very sharp teeth. [potion of
                  | mutation]
 36398 | Spider:4 | Gained mutation: You are agile. (Dex +4, Str/Int -1)
                  | [potion of mutation]
 36541 | Spider:4 | Reached skill level 18 in Fighting
 36938 | Spider:4 | Reached XP level 19. HP: 179/191 MP: 3/29
 37155 | Spider:4 | Got a gossamer rune of Zot
 37166 | Spider:4 | Reached XP level 20. HP: 195/200 MP: 23/30
 37167 | Spider:4 | Reached skill level 10 in Maces & Flails
 37167 | Spider:4 | Reached XP level 21. HP: 203/207 MP: 24/31
 37374 | Spider:4 | Learned a level 4 spell: Ignite Poison
 37595 | Elf:1    | Entered Level 1 of the Elven Halls
 37603 | Elf:1    | Reached skill level 19 in Fighting
 38298 | Elf:1    | Found a huge runed translucent gate.
 38299 | Elf:1    | Found a huge runed translucent gate.
 38304 | Elf:1    | Found a huge runed translucent gate.
 38304 | Elf:1    | Found a huge runed translucent gate.
 38305 | Elf:1    | Found a huge runed translucent gate.
 38307 | Elf:1    | Found a huge runed translucent gate.
 38307 | Elf:1    | Found a huge runed translucent gate.
 38307 | Elf:1    | Found a huge runed translucent gate.
 38307 | Elf:1    | Found a huge runed translucent gate.
 38309 | Elf:1    | Found a huge runed translucent gate.
 38309 | Elf:1    | Found a huge runed translucent gate.
 38309 | Elf:1    | Found a huge runed translucent gate.
 38309 | Elf:1    | Found a huge runed translucent gate.
 38309 | Elf:1    | Found a huge runed translucent gate.
 38309 | Elf:1    | Found a huge runed translucent gate.
 38309 | Elf:1    | Found a huge runed translucent gate.
 38309 | Elf:1    | Found a huge runed translucent gate.
 38311 | Elf:1    | Found a huge runed translucent gate.
 38311 | Elf:1    | Found a huge runed translucent gate.
 38311 | Elf:1    | Found a huge runed translucent gate.
 38695 | Elf:2    | Identified the +0 dagger "Diffanih" {protect, Will+ Int+2
                  | SInv}
 38738 | Elf:2    | Found Cintu's Magic Scroll Emporium.
 38741 | Elf:2    | Found Goisch's Jewellery Emporium.
 38745 | Elf:2    | Reached skill level 20 in Fighting
 38754 | Elf:2    | Bought a scroll of acquirement for 520 gold pieces
 38754 | Elf:2    | Acquired the amulet of Vitality {RegenMP++ Regen++}
 38754 | Elf:2    | Found the amulet of Vitality {RegenMP++ Regen++}
 38841 | Elf:2    | Found Venk's Distillery.
 38850 | Elf:2    | Found Dojeuxox's General Store.
 38852 | Elf:2    | Noticed Jorgrun
 38857 | Elf:2    | Killed Jorgrun
 38926 | Elf:2    | Found Ninych's Antique Armour Boutique.
 38940 | Elf:2    | Bought a potion of cancellation for 144 gold pieces
 38940 | Elf:2    | Bought a potion of ambrosia for 144 gold pieces
 38940 | Elf:2    | Bought a potion of curing for 54 gold pieces
 38940 | Elf:2    | Bought a potion of magic for 144 gold pieces
 39095 | Elf:2    | Found a huge runed translucent gate.
 39095 | Elf:2    | Found a huge runed translucent gate.
 39095 | Elf:2    | Found a huge runed translucent gate.
 39096 | Elf:2    | Found a huge runed translucent gate.
 39099 | Elf:2    | Found a huge runed translucent gate.
 39763 | Elf:3    | Entered Level 3 of the Elven Halls
 39939 | Elf:3    | Reached XP level 22. HP: 222/222 MP: 27/32
 40180 | Elf:3    | Got the Handbook of Get Rich Quick!
 40320 | Elf:3    | Found Wairyur's Weapon Boutique.
 40518 | Elf:3    | Reached skill level 15 in Maces & Flails
 40632 | Elf:3    | Identified the +3 falchion of Context {freeze, rN+ Str+3
                  | Dex-5}
 40645 | Elf:3    | Identified the +4 scale mail of Tortelloni {+Inv Str+7
                  | Int-4}
 40646 | Elf:3    | Identified the staff of Valour {rCorr Conj}
 40681 | Elf:3    | Got the Information on the Salvo
 40694 | Elf:3    | Identified the +4 trident of Cocytus {freeze, rPois SInv}
 40702 | Elf:3    | Got the Volume of the Polar Gathering
 40703 | Elf:3    | Identified the +3 pair of boots of Impermeability {rN+
                  | Will+}
 40785 | Elf:3    | Identified the +10 arbalest of Deformation {penet, Int+8
                  | Dex-2 SInv}
 41073 | Vaults:1 | Entered Level 1 of the Vaults
 41792 | Vaults:1 | Noticed Zenata
 41799 | Vaults:1 | Killed Zenata
 42065 | Vaults:2 | Reached XP level 23. HP: 228/228 MP: 19/33
 42160 | Vaults:2 | Found a transporter.
 42201 | Vaults:2 | Found a transporter.
 42478 | Vaults:2 | Reached skill level 5 in Dodging
 42998 | Vaults:3 | Found Huchaadd's Weapon Shoppe.
 43459 | Vaults:3 | Found a staircase to the Crypt.
 44126 | Vaults:4 | Found a runed translucent door.
 44126 | Vaults:4 | Noticed Plog's ghost (adept AtMo)
 44156 | Vaults:4 | Killed Plog's ghost
 44157 | Vaults:4 | Reached skill level 21 in Fighting
 44421 | Vaults:4 | Reached XP level 24. HP: 243/243 MP: 33/33
 44771 | Vaults:4 | Reached skill level 10 in Dodging
 45283 | Depths:1 | Entered Level 1 of the Depths
 45290 | Depths:1 | Found a one-way gate leading to the halls of Pandemonium.
 45316 | Depths:1 | Found a gateway to Hell.
 45499 | Depths:1 | Found a white marble altar of Elyvilon.
 45542 | Depths:1 | Identified the serpent talisman of the Evening Star {+Blink
                  | rC- Will+ Int+2}
 45542 | Depths:1 | Noticed Aizul
 45576 | Depths:1 | Killed Aizul
 45778 | Depths:1 | Found Emeuleycvu's Armour Boutique.
 46092 | Depths:1 | Identified the amulet of Dim Light {Reflect *Slow rC+++
                  | Int-2 Dex+2 SH+5}
 46433 | Depths:1 | You fall into a shaft and drop 1 floor!
 46811 | Abyss:2  | Cast into level 2 of the Abyss (hell knight)
 46851 | Abyss:2  | Reached skill level 22 in Fighting
 46892 | Depths:2 | Escaped the Abyss
 46949 | Depths:2 | Noticed Saint Roka
 46979 | Depths:2 | Killed Saint Roka
 47196 | Depths:2 | Noticed Bai Suzhen
 47212 | Depths:2 | Killed Bai Suzhen
 47467 | Depths:2 | Got Vehumet's Tome of Destruction
 47568 | Depths:2 | Found a shimmering blue altar of Sif Muna.
 47582 | Depths:2 | Noticed an ancient lich
 47589 | Depths:2 | Killed an ancient lich
 47590 | Depths:2 | Noticed a dread lich
 47593 | Depths:2 | Killed a dread lich
 47594 | Depths:2 | Reached skill level 23 in Fighting
 47648 | Depths:2 | Got the Guide on Reagents
 47950 | Depths:3 | Noticed Xtahua
 48139 | Depths:3 | Killed Xtahua
 48168 | Depths:3 | Reached XP level 25. HP: 258/258 MP: 33/33
 48405 | Depths:3 | Found a shimmering altar of Xom.
 48514 | Depths:3 | Got Nummoi's Compilation of Hexing
 48663 | Depths:3 | Found a sacrificial altar of Ru.
 48764 | Depths:3 | Found a corrupted altar of Lugonu.
 48765 | Depths:3 | Found a one-way gate to the infinite horrors of the Abyss.
 48807 | Depths:4 | Entered Level 4 of the Depths
 48810 | Depths:4 | Found Xiytij's General Store.
 48865 | Depths:4 | Reached skill level 24 in Fighting
 49437 | Depths:4 | Noticed Sojobo
 49442 | Depths:4 | Killed Sojobo
 49476 | Depths:4 | Found a gate to the Realm of Zot.
 49590 | Depths:4 | Found Onytyif's Armour Boutique.
 50357 | Vaults:5 | Entered Level 5 of the Vaults
 50358 | Vaults:5 | Noticed an ancient lich
 50578 | Vaults:5 | Found the +0 mask of the Dragon {Will+ Slay+3 SInv}
 50936 | Vaults:5 | Noticed an ancient lich
 50940 | Vaults:5 | Killed an ancient lich
 50941 | Vaults:5 | Reached skill level 25 in Fighting
 50943 | Vaults:5 | Reached XP level 26. HP: 212/274 MP: 33/33
 51207 | Vaults:5 | Identified the +2 ring mail of Farfalle {rC- Will+ Dex+3}
 51211 | Vaults:5 | Got a silver rune of Zot
 51289 | Vaults:5 | Reached skill level 26 in Fighting
 51407 | Vaults:5 | Killed an ancient lich
 51723 | Vaults:5 | Noticed an ancient lich
 51730 | Vaults:5 | Killed an ancient lich
 51846 | Vaults:5 | Reached skill level 27 in Fighting
 52029 | Vaults:5 | Identified the staff "Beastslayer" {rF++ Conj Summ Ice
                  | Alchemy}
 52040 | Vaults:5 | Identified the +0 orcbow of Eppurun {heavy, rC+ rCorr}
 52049 | Vaults:5 | Identified the +7 quarterstaff of Ywkar {flame, *Corrode
                  | rF+ Will++ Dex+3}
 52059 | Vaults:5 | Identified the +5 trident of Nightmares {flame, Will- Dex+3
                  | Stlth+}
 52064 | Vaults:5 | Identified the +1 spear of Doom {heavy, rElec rPois Dex-2}
 52076 | Vaults:5 | Identified the +8 flail of Lylo {flame, rC+ rN+ rCorr
                  | Str+3}
 52082 | Vaults:5 | Identified the +2 quarterstaff "Cewymn" {vamp, SInv}
 52171 | Vaults:5 | Identified the ring of Ruhi {^Drain rPois rC+ Will++ Int+6}
 52682 | Zot:1    | Entered Level 1 of the Realm of Zot
 53210 | Zot:1    | Noticed Vv
 53211 | Zot:1    | Reached XP level 27. HP: 228/290 MP: 33/33
 53294 | Zot:1    | Found a transporter.
 53296 | Zot:1    | Found a transporter.
 53349 | Zot:1    | Killed Vv
 53484 | Zot:1    | Found a bloodstained altar of Trog.
 53484 | Zot:1    | Noticed Emorepp's ghost (legendary GnSk)
 53498 | Zot:1    | Identified the +2 cloak of Porphe {rN+ MP+9 Str+3}
 53500 | Zot:1    | Identified the +2 cloak of Otucue {Dex+6}
 53594 | Zot:2    | Noticed an orb of fire
 53600 | Zot:2    | Killed an orb of fire
 54387 | Zot:2    | You fall into a shaft and drop 1 floor!
 56795 | Zot:5    | Entered Level 5 of the Realm of Zot
 57345 | Zot:5    | Noticed an orb of fire
 57353 | Zot:5    | Gained mutation: Your magical capacity is low. (-10% MP)
                  | [an orb of fire]
 57355 | Zot:5    | Killed an orb of fire
 57355 | Zot:5    | Noticed a dread lich
 57365 | Zot:5    | Killed a dread lich
 57469 | Zot:5    | Reached skill level 10 in Invocations
 57591 | Zot:5    | Learned a level 1 spell: Apportation
 57609 | Zot:5    | Got the Orb of Zot
 58200 | D:7      | Noticed Fuonehel the pandemonium lord
 58365 | D:1      | gg
 58366 | D:$      | Escaped with the Orb!

Illustrated notes

# ##.......#...#........###...
#######..#######.#######..###....
.........#~~#.......#~~#...###...
#####....#~#.........#~#...####..
# ##...##...........##......... #
#...#.........[...#..#####.# #
##..##.............##..## #.#
##..#.#.............#.#..###.#
#..#.........8.........#..##.#
##..#.#......R......#.#..###.#
#....##.............##........
#.##..#.......††....#..#.###.#
####.##..##...........##..#.###.#
.........#~#.........#~#.........
.###.##..#~~#.......#~~#..#)##...
...#.##..#######.#######..#.#...>
.#.#..........#...#.......#.##...


Turn 58365 on D:1: gg

Levels and vault maps discovered:
D:1:      psy_arrival_dodecagon, layout_loops_corners,
          hellmonk_ecumenical_altar_pennies_from_heaven, solitary_fountain,
          minmay_misc_feat_diagonals, minmay_tetromino_o2
D:2:      layout_basic, minmay_misc_feat_tower
D:3:      minmay_general_purpose_star, layout_loops_ring, uniq_robin
D:4:      layout_basic, mainiacjoe_overflow_boulevard,
          minmay_temple_entry_stoned_glass, kennysheep_generic_room_8
D:5:      layout_loops_ring, grunt_qazlal_clouds, hangedman_decor_growths,
          uniq_grinder
D:6:      layout_gridville
D:7:      layout_layer_cave, enter_ossuary_5, nicolae_houndstooth_variations
D:8:      layout_loops_corners, st_stairs_10
D:9:      layout_gridville
D:10:     layout_stronghold, grunt_temple_overflow_lords_of_destruction,
          nicolae_ashenzari_skybound, uniq_maurice
D:11:     layout_loops_ring, minmay_lair_entry_grove,
          portal_ice_cave_entry_ice_simulacra, hangedman_decor_points,
          lightli_orcish_oven
D:12:     layout_loops_ring, erik_orc_3, gauntlet_entry_generic,
          trog_three_pillars_becter
D:13:     layout_roguey, lemuel_flamethrower_1
D:14:     layout_grid_maze, david_vaults_4, yredelemnul_altar_generic,
          gammafunk_ghost_grave, kennysheep_small_square, uniq_roxanne
D:15:     hangedman_depths_entry_try_elsewhere_first, layout_cave_pods,
          nicolae_uskayaw_suspiria, grunt_dithmenos_smoke, uniq_josephine,
          uniq_nessos, uniq_louise
Temple:   sentei_temple_godly_chess
Lair:1:   layout_loops_ring, uniq_maggie
Lair:2:   layout_small_grid, guppyfry_lair_drakes
Lair:3:   layout_roguey, minmay_swamp_entry_swarm, spider_nest_entry_a,
          serial_bayou_shore_a, uniq_gastronok
Lair:4:   layout_small_grid, slime_entry_1, st_stairs_3, grunt_megastairs_2
Lair:5:   gammafunk_lair_ancient_temple, layout_regular_city, basic_altar,
          minivault_24
Swamp:1:  gammafunk_worm_tunnel, layout_basic_swamp, nicolae_swamp_some_circles,
          swamp_pool_3, uniq_frances
Swamp:2:  layout_falls_marsh, evilmike_swamp_ruin_rubble_2
Swamp:3:  nzn_winding_woodlands_three_and_one
          [nzn_winding_woodlands_5x15_lazy_stream,
          nzn_winding_woodlands_5x15_pool, nzn_winding_woodlands_5x15_cabin,
          nzn_winding_woodlands_center_diamonds], layout_basic_swamp,
          nicolae_swamp_treefoil
Swamp:4:  swamp_alternative, layout_basic_swamp, swamp_pool_1_2
Spider:1: layout_spider_delve, hangedman_spider_tarantella_strand, uniq_nikola
Spider:2: layout_spider_delve, special_room [special_room_bee], uniq_donald
Spider:3: layout_spider_delve
Spider:4: hellmonk_spider_rune_endless_swarm
Orc:1:    layout_diamond_mine
Orc:2:    grunt_orc_tribal_feast, layout_caves, nooodl_orcs_dogs
Elf:1:    nicolae_elf_arrival_no_cutting_in_line, layout_loops_cross,
          hangedman_elf_represent, moated_statue,
          serial_sigils_hangedman_writhe, minmay_strange_pillars
Elf:2:    elven_hall_of_blades_hangedman_alternative
          [nicolae_blade_entry_hurt_lockers], layout_geoelf_octagon,
          serial_shops, nicolae_shop_tiny_glass,
          nicolae_shop_tiny_real_fake_doors, shop, nicolae_shop_window_shopping,
          shop, uniq_jorgrun
Elf:3:    elf_hall, layout_onion_city, serial_shops,
          nicolae_shop_just_a_little_nook, hellmonk_elf_help
Vaults:1: ontoclasm_vaults_decontamination, hangedman_vaults_nodes,
          vaults_mumra_chevron_long, vaults_room_corners, vaults_room_door_hall,
          nicolae_vaults_three_branches, nicolae_vaults_more_shelving_1,
          v_pattern_1, nicolae_vaults_murderbox, layout_vaults_omnibox,
          uniq_zenata
Vaults:2: v_misc_27, gammafunk_dig_for_victory, v_pattern_5, v_misc_5,
          ontoclasm_vaults_loading_screen, v_misc_2, nicolae_vaults_wine_cellar,
          grunt_vaults_funnel, layout_vaults_big_cross
Vaults:3: nicolae_vaults_shipping_containers_3,
          minmay_crypt_entry_simple_sparse, v_pattern_3, grunt_vaults_bifocal,
          nicolae_vaults_wrenched, nicolae_vaults_theta,
          nicolae_vaults_asterisk, nicolae_vaults_taking_the_gang_shopping,
          nicolae_vaults_mitosis, v_rooms_5, nicolae_vaults_layer_cake_slice,
          nicolae_vaults_double_plus_2, vaults_dpeg_doors,
          nicolae_vaults_big_ls, nicolae_vaults_hexular_roomagon,
          nicolae_vaults_little_squares_5, layout_vaults_maze
Vaults:4: ebering_ghost_inner_flame, nicolae_vaults_trapezoid_lopsided_4,
          vaults_mumra_lcd, vaults_room_semicircle, ontoclasm_vaults_shuriken,
          nicolae_vaults_surprise_closet, v_misc_22, v_pattern_4, v_misc_26,
          nicolae_vaults_variable_pillar_hall,
          nicolae_vaults_security_offices_1, vaults_mumra_minichess,
          layout_vaults_omnigrid
Vaults:5
Depths:1: layout_honeycomb, rand_demon_pan_entry_5, minmay_misc_feat_room,
          hell_entry, serial_shops, shop, small_chamber_with_monster,
          nicolae_elyvilon_peaceful_grove, uniq_aizul
Depths:2: evilmike_library_of_no_secrets, layout_gridlike,
          minmay_misc_feat_rugged, grunt_hell_entry_dis_mu, pan_entry,
          infiniplex_staircase_zigzag_1, uniq_bai_suzhen, uniq_saint_roka
Depths:3: cheibrodos_lost_city_excavation, layout_cave_pools,
          lemuel_round_altar, pf_coc_iceberg, grunt_pan_entry_spiral,
          abyss_entry_flame_altar, hangedman_ru_absence, uniq_xtahua
Depths:4: grunt_x_marks_the_spot, layout_gridlike, enter_ziggurat_c,
          serial_shops, shop, nicolae_shop_advertising_works
          [nicolae_subvault_shop_adworks], grunt_metal_band, serial_curves,
          eino_curves_01, eino_curves_03,
          nicolae_abyss_entry_one_way_or_another, grunt_ministairs_10,
          uniq_sojobo
Zot:1:    layout_twisted_circle, hangedman_zot_gyre,
          gammafunk_ghost_wrathful_warriors, zot_minivault_1, uniq_vv
Zot:2:    nicolae_moth_party, layout_gridlike, grunt_megastairs_5
Zot:3:    layout_gridlike, regret_index_zotdec_twisting_globes
Zot:4:    grunt_twist_and_shout, layout_cathedral_of_symmetry,
          regret_index_zotdec_glowing_original
Zot:5:    layout_misc_corridors, skrybe_zot_glass_2

Skill      XL: |  1  2  3  4  5  6  7  8  9 10 11 12 13 14 15 16 17 18 19 20 21 22 23 24 25 26 27 |
---------------+----------------------------------------------------------------------------------+-----
Fighting       | 1 2 4 7 8 10 11 12 15 18 20 21 23 25 27 | 27.0
Alchemy        | 3 4 5 6 7 8 9 |  9.0
Polearms       | 1 2 3 4 |  4.0
Spellcasting   | 3 5 6 7 |  7.2
Fire Magic     | 3 |  3.0
Evocations     | 3 4 |  4.0
Ice Magic      | 6 11 13 15 16 | 16.6
Invocations    | 7 10 | 10.0
Armour         | 2 5 |  5.8
Shapeshifting  | 5 11 13 15 17 20 25 | 25.0
Shields        | 7 8 |  8.9
Maces & Flails | 6 8 10 13 17 18 19 | 19.7
Dodging        | 4 9 11 12 13 | 13.0
Stealth        | |  1.4
Conjurations   | |  0.8

Action                     |  1- 3 |  4- 6 |  7- 9 | 10-12 | 13-15 | 16-18 | 19-21 | 22-24 | 25-27 || total
---------------------------+-------+-------+-------+-------+-------+-------+-------+-------+-------++-------
  Melee: Unarmed           |     2 |       |       |       |       |       |       |       |       ||     2
         Trident           |    13 |    41 |   183 |   131 |   355 |   297 |    64 |       |       ||  1084
         Punch             |       |     1 |     2 |     3 |     2 |       |       |       |       ||     8
         Bite              |       |       |       |       |       |    11 |    10 |   126 |   205 ||   352
         Eveningstar       |       |       |       |       |       |       |    29 |   261 |       ||   290
         Giant club        |       |       |       |       |       |       |       |   360 |   994 ||  1354
   Cast: Sting             |    62 |   133 |    59 |     6 |     2 |       |       |       |       ||   262
         Mercury Vapours   |     1 |     9 |    18 |    26 |    80 |       |       |       |       ||   134
         Olgreb's Toxic Ra |       |       |    19 |    86 |   118 |   209 |    89 |   134 |    19 ||   674
         Sticky Flame      |       |       |       |    13 |    10 |     2 |       |     2 |       ||    27
         Mephitic Cloud    |       |       |       |     1 |     1 |       |       |       |       ||     2
         Ozocubu's Refrige |       |       |       |       |    42 |    99 |     1 |       |       ||   142
         Ignite Poison     |       |       |       |       |       |       |    16 |    37 |     3 ||    56
         Apportation       |       |       |       |       |       |       |       |       |     3 ||     3
 Invoke: Ancestor Identity |       |       |     1 |       |       |       |       |       |       ||     1
         Recall Ancestor   |       |       |     2 |     2 |     2 |     1 |       |     2 |     8 ||    17
         Ancestor Life: Ba |       |       |     1 |       |       |       |       |       |       ||     1
         Idealise          |       |       |       |       |     3 |     1 |       |     8 |    15 ||    27
  Evoke: Wand              |       |       |       |     1 |     6 |     3 |       |     1 |     3 ||    14
         Box of beasts     |       |       |       |       |     2 |       |       |       |       ||     2
         Lightning rod     |       |       |       |       |       |     8 |     2 |     2 |       ||    12
         Condenser vane    |       |       |       |       |       |       |       |       |     1 ||     1
    Use: Scroll            |       |     6 |     5 |     8 |    17 |    10 |     7 |     7 |     9 ||    69
         Potion            |       |       |     1 |     1 |     7 |     5 |     2 |     1 |    11 ||    28
   Stab: Sleeping          |       |       |     2 |       |       |       |     1 |     1 |     1 ||     5
         Distracted        |       |       |       |       |    10 |     5 |       |    13 |    29 ||    57
         Confused          |       |       |       |       |     1 |       |       |       |       ||     1
         Invisible         |       |       |       |       |       |       |       |       |     2 ||     2
 Armour: Robe              |    41 |    62 |   174 |       |       |       |       |       |       ||   277
         Steam dragon scal |       |       |       |   126 |       |       |       |       |       ||   126
         Acid dragon scale |       |       |       |    16 |   573 |       |       |       |       ||   589
         Skin              |       |       |       |       |       |   972 |   177 |   815 |  1210 ||  3174
  Dodge: Dodged            |    26 |    39 |    80 |    66 |   194 |   372 |    92 |   704 |   923 ||  2496
  Block: Kite shield       |       |       |       |       |       |   497 |   130 |   316 |       ||   943
   Form: Statue            |       |       |       |       |       |     1 |       |       |       ||     1

Table legend: (Time is in decaauts)
 A = Elapsed time spent in this place.
 B = Non-inter-level travel time spent in this place.
 C = Inter-level travel time spent in this place.
 D = Time resting spent in this place.
 E = Time spent auto-exploring this place.
 F = Levels seen in this place.
 G = Mean time per level.
                   A        B        C        D        E       F      G
               +--------+--------+--------+--------+--------+-----+--------+
         Total |  73371 |  68078 |   5293 |  17083 |  35130 |  52 | 1411.0 |
       Dungeon |  19757 |  17720 |   2037 |   4957 |   8928 |  15 | 1317.1 |
        Temple |     11 |     11 |      0 |      0 |      0 |   1 |   11.0 |
          Lair |   7041 |   6450 |    591 |   2421 |   2831 |   5 | 1408.2 |
         Swamp |   6608 |   6408 |    200 |   3153 |   2163 |   4 | 1652.0 |
   Spider Nest |   6978 |   6810 |    168 |   2305 |   2950 |   4 | 1744.5 |
  Orcish Mines |   1945 |   1731 |    214 |    318 |    999 |   2 |  972.5 |
   Elven Halls |   5053 |   4789 |    264 |    630 |   2872 |   3 | 1684.3 |
        Vaults |   9169 |   8386 |    783 |    464 |   5550 |   5 | 1833.8 |
        Depths |   7339 |   6729 |    610 |   1147 |   4383 |   4 | 1834.8 |
           Zot |   7157 |   6736 |    421 |    839 |   3952 |   5 | 1431.4 |
         Abyss |    108 |    108 |      0 |     34 |     12 |   1 |  108.0 |
       Ossuary |    406 |    406 |      0 |    129 |    174 |   1 |  406.0 |
      Ice Cave |   1203 |   1203 |      0 |    527 |    220 |   1 | 1203.0 |
      Gauntlet |    591 |    591 |      0 |    157 |     94 |   1 |  591.0 |
               +--------+--------+--------+--------+--------+-----+--------+

Top non-repeatable levels by time:
Vaults:5: 2821 daAuts
    D:14: 2773 daAuts
    D:15: 2646 daAuts
 Swamp:3: 2589 daAuts
Spider:4: 2473 daAuts
  Lair:4: 2356 daAuts
Depths:2: 2217 daAuts
Spider:1: 2189 daAuts
Depths:4: 1989 daAuts
    D:12: 1900 daAuts
Depths:1: 1889 daAuts
 Swamp:4: 1875 daAuts
   Zot:4: 1874 daAuts
Vaults:3: 1817 daAuts
   Elf:2: 1784 daAuts
